Map: Cactus Valley LE (Void)

Players

Musumeci

  • Race: Zerg Zerg
  • League: Diamond
  • Spawn Location: 11:00

Seb - Winner!

  • Race: Terran Terran
  • League: Diamond
  • Spawn Location: 5:00

VOD

Have the link to the VOD?

Description

Time

  • Played on: Feb. 28, 2017, 8:10 a.m.
  • Length: 12:56
Show
View Real Time Build Order
Export as new Build Order

Musumeci Zerg 

Build Orders: Hatch First 

Get SALT Encoding   

  12  0:06  Drone  
  13  0:10  Drone  
  14  0:18  Drone, Extractor  
  15  0:42  Hatchery  
  14  0:46  Drone, Extractor  
  15  1:03  Spawning Pool  
  14  1:09  Extractor  
  14  1:10  Drone  
  14  1:14  Drone, Extractor  
  16  1:20  Overlord  
  16  1:40  Drone x2  
  18  1:52  Queen  
  20  1:55  Queen  
  20  1:56  Drone  
  20  1:57  Drone  
  20  2:00  Drone  
  25  2:08  Overlord  
  25  2:12  Drone  
  26  2:28  Queen  
  28  2:30  Queen  
  29  2:41  Drone x3, Overlord  
  32  2:45  Drone x2  
  34  2:52  Drone x2  
  36  3:02  Drone x3  
  39  3:18  Drone x5  
  44  3:21  Extractor  
  44  3:23  Extractor  
  44  3:25  Roach Warren  
  41  3:40  Drone  
  41  3:41  Drone x2  
  44  3:43  Overlord x3  
  44  4:06  Roach  
  44  4:07  Roach x3  
  44  4:09  Evolution Chamber  
  51  4:11  Evolution Chamber  
  49  4:36  Hatchery  
  48  4:43  Zergling x2  
  49  4:48  Roach x3  
  49  4:49  Roach x2  
  59  5:06  Lair  
  59  5:08  Extractor  
  59  5:09  Drone x2  
  59  5:11  Extractor, Overlord  
  59  5:12  Overlord x3  
  59  5:25  Drone  
  50  6:03  Spore Crawler x2  
  48  6:04  Drone x3, Spore Crawler  
  48  6:05  Drone x13  
  48  6:07  Ravager  
  48  6:08  Ravager x3  
  48  6:11  Roach x2  
  71  6:23  Zerg Missile Weapons Level 1  
  71  6:24  Glial Reconstitution, Zerg Ground Armor Level 1  
  71  6:26  Roach  
  71  6:27  Roach  
  74  7:07  Drone  
  74  7:08  Queen, Drone x8  
  78  7:22  Roach x4  
  92  7:23  Roach x5  
  94  7:34  Drone x6  
  94  7:40  Drone  
  94  7:43  Ravager  
  94  7:44  Ravager x2  
  98  7:59  Extractor  
  98  8:01  Queen  
  89  8:26  Overseer  
  87  8:38  Drone x3  
  87  8:40  Drone  
  90  8:41  Overlord x3  
  90  8:42  Overlord x3  
  90  8:56  Hatchery  
  90  9:01  Drone x3  
  90  9:02  Drone x9  
  101  9:03  Ravager  
  101  9:04  Ravager x4  
  101  9:05  Ravager x2  
  101  9:06  Ravager x2  
  110  9:16  Drone x2  
  110  9:17  Drone x3  
  115  9:22  Zerg Missile Weapons Level 2  
  115  9:28  Zerg Ground Armor Level 2  
  109  9:46  Roach x8  
  113  10:07  Roach x11  
  93  10:23  Roach x4  
  93  10:24  Roach x5  
  73  10:43  Extractor  
  73  10:46  Extractor  
  63  10:51  Roach x7  
  75  11:03  Drone x3  
  78  11:05  Ravager x3  
  78  11:06  Ravager x3  
  84  11:12  Ravager x2  
  84  11:13  Ravager  
  83  11:37  Roach x6  
  83  11:38  Roach x7  
  98  11:52  Overseer  
  98  11:53  Queen  
  98  12:00  Roach x6  
  92  12:14  Roach x4  
  92  12:15  Roach x2  
  92  12:19  Ravager  
  92  12:21  Ravager  
  73  12:30  Roach  
  73  12:31  Roach x4  
Show
View Real Time Build Order
Export as new Build Order

Seb Terran - Winner!

Build Orders: Reaper Expand, MMM Bio 

Get SALT Encoding   

  12  0:01  SCV  
  13  0:13  SCV  
  14  0:18  Supply Depot  
  14  0:25  SCV  
  15  0:40  SCV  
  15  0:41  Barracks  
  16  0:45  Refinery  
  16  0:52  SCV  
  18  1:04  SCV  
  18  1:20  SCV  
  19  1:28  Reaper  
  19  1:32  Orbital Command  
  20  1:41  Command Center  
  20  1:50  Barracks  
  20  1:57  SCV  
  20  2:00  Barracks Reactor  
  21  2:11  SCV  
  21  2:13  Supply Depot  
  22  2:17  Refinery  
  22  2:34  SCV  
  22  2:35  Factory  
  23  2:38  Marine x2  
  23  2:41  Barracks Tech Lab  
  25  2:46  SCV  
  26  2:56  Marine x2  
  26  2:58  SCV  
  29  3:02  Stimpack, Marine  
  29  3:04  Orbital Command  
  30  3:10  SCV  
  31  3:16  Marine x2  
  33  3:22  SCV  
  34  3:29  Marine  
  34  3:32  Starport, Factory Reactor  
  34  3:33  Marine  
  36  3:36  Marine  
  37  3:47  Marine  
  38  3:50  SCV  
  38  3:51  Marine  
  40  3:59  Supply Depot  
  40  4:00  Marine, Supply Depot  
  40  4:01  SCV  
  40  4:02  SCV  
  43  4:05  Marine  
  43  4:09  Marine  
  45  4:13  SCV  
  46  4:19  Factory Reactor  
  46  4:20  Marine  
  46  4:21  Medivac x2  
  46  4:23  Marine  
  52  4:25  Supply Depot  
  52  4:27  Marine  
  53  4:33  Supply Depot  
  53  4:36  SCV x2  
  55  4:38  Marine  
  55  4:41  Marine  
  55  4:45  Marine  
  58  4:48  SCV x2  
  60  4:56  Marine  
  61  5:05  Engineering Bay  
  61  5:07  Marine  
  61  5:08  Widow Mine x2, Marine  
  61  5:09  Medivac, Engineering Bay  
  61  5:13  SCV  
  61  5:14  SCV, Supply Depot  
  71  5:15  Combat Shields  
  71  5:17  Marine  
  72  5:25  Marine x2  
  74  5:29  SCV x2  
  74  5:35  Marine  
  77  5:41  Widow Mine x2  
  77  5:42  Medivac  
  83  5:43  Marine x2  
  80  5:53  Marine  
  80  5:54  SCV x2  
  80  5:58  Terran Infantry Weapons Level 1  
  80  6:01  Refinery, Marine  
  80  6:02  Refinery, Command Center  
  81  6:05  Supply Depot  
  81  6:14  SCV  
  82  6:19  Supply Depot  
  82  6:20  Supply Depot  
  82  6:28  Marine x2  
  82  6:29  Marine  
  85  6:34  Medivac x2  
  85  6:36  Barracks  
  85  6:37  Barracks  
  85  6:38  Factory Tech Lab  
  82  6:50  SCV x2  
  82  6:52  Terran Infantry Armor Level 1  
  84  7:02  SCV  
  85  7:15  Marine x3  
  81  7:17  Medivac x2, Siege Tank  
  91  7:31  Orbital Command  
  91  7:33  Marine  
  91  7:35  Barracks  
  91  7:36  Armory, Barracks  
  90  7:41  SCV, Marine x2  
  93  7:45  Marine x2, Barracks Tech Lab  
  93  7:49  Siege Tank  
  93  7:51  Marine  
  97  7:56  Medivac  
  97  7:59  Marine x2  
  97  8:03  Marine x3  
  102  8:09  Marine  
  103  8:16  Marine  
  103  8:17  Marauder  
  106  8:21  Marine x3  
  106  8:22  Marauder, Siege Tank  
  106  8:23  Orbital Command, Medivac  
  106  8:26  Marine  
  117  8:34  Marine  
  117  8:35  Supply Depot  
  117  8:36  Barracks Reactor, Supply Depot  
  117  8:38  Marine  
  117  8:39  Marine  
  120  8:48  Marine x2  
  120  8:49  Marauder, Marine  
  120  8:52  Marine  
  122  8:56  Marauder  
  122  8:57  Marine  
  122  9:00  SCV x2  
  122  9:01  SCV  
  128  9:06  Marine x3  
  128  9:09  Medivac x2  
  135  9:10  Marauder, Marine  
  135  9:13  Terran Infantry Weapons Level 2  
  135  9:14  Marine  
  139  9:18  Marauder, Supply Depot  
  139  9:22  Supply Depot  
  141  9:36  SCV x3, Marine x3  
  124  9:48  Marauder x2, SCV, Marine x2  
  131  9:57  Unknown x2  
  130  10:03  Marine x5  
  130  10:04  Siege Tank  
  130  10:06  Marine x2  
  135  10:10  Marauder x2  
  131  10:17  Medivac  
  131  10:18  Medivac  
  131  10:19  SCV x3  
  131  10:21  Marine x5  
  135  10:24  Marine  
  135  10:25  Marine  
  141  10:31  Marauder x2  
  145  10:38  Marine  
  145  10:39  Marine x3  
  145  10:40  Marine, Command Center  
  145  10:41  Marine, Siege Tank  
  153  10:43  Marine  
  154  10:52  Marauder  
  154  10:56  Marine  
  157  11:29  Marine  
  157  11:31  Marine x2  
  157  11:32  Marine x2  
  157  11:33  Marine  
  157  11:34  Marine  
  157  11:36  Marauder  
  155  11:43  Marine  
  153  11:47  Marine  
  153  11:49  Marine x2  
  153  11:50  Marine  
  153  11:51  Marine  
  153  11:52  Marauder  
  153  11:53  Barracks x2  
  160  11:54  Barracks  
  160  11:58  Marauder  
  160  12:07  Marine  
  160  12:08  Marine x5, Siege Tank  
  157  12:09  Marine, Medivac x2  
  157  12:13  Marauder  
  158  12:19  Marauder  
  157  12:25  Marine x5  
  157  12:26  Marine  
  157  12:28  Marine  
  158  12:35  Marauder  
Tags
 
Add a new tag
Caveats
  • Supply blocks, unpowered buildings, or Contaminate may cause inaccurate times.
  • Supply counts are checked every 10 seconds.